 Dungeon Crawl Stone Soup version 0.24-a0-586-g8e0e932 (webtiles) character file.

Game seed: 2009110108719094670, levelgen mode: deterministic

59 silentkaos13 the Cudgeler (level 3, 0/27 HPs)
             Began as a Demonspawn Gladiator on Sept 8, 2019.
             Succumbed to an adder's poison
             ... on level 2 of the Dungeon.
             The game lasted 00:02:55 (1323 turns).

silentkaos13 the Cudgeler (Demonspawn Gladiator)    Turns: 1323, Time: 00:02:56

Health: 0/27       AC:  3    Str: 15    XL:     3   Next: 78%
Magic:  3/3        EV: 13    Int:  9    God:
Gold:   70         SH:  0    Dex: 14    Spells: 2/2 levels left

rFire    . . .     SeeInvis .   a - +0 flail
rCold    . . .     Gourm    .   (no shield)
rNeg     . . .     Faith    .   b - +0 leather armour
rPois    .         Spirit   .   (helmet restricted)
rElec    .         Reflect  .   (no cloak)
rCorr    .         Harm     .   (no gloves)
MR       .....                  (no boots)
Stlth    +.........             (no amulet)
HPRegen  0.09/turn              (no ring)
MPRegen  0.08/turn              (no ring)

@: lethally poisoned (0 -> -12)
A: antennae 1, claws 1
a: no special abilities


You were on level 2 of the Dungeon.
You were hungry.

You visited 1 branch of the dungeon, and saw 2 of its levels.

You collected 70 gold pieces.

Inventory:

Hand Weapons
 a - a +0 flail (weapon)
Missiles
 d - 3 throwing nets
 i - 4 javelins (quivered)
Armour
 b - a +0 leather armour (worn)
 c - a +0 helmet
 g - a +1 hat
Scrolls
 e - a scroll of identify {unknown}
 h - a scroll of teleportation {unknown}
 j - a scroll of remove curse {unknown}
 k - a scroll of magic mapping {unknown}
Comestibles
 f - 2 rations


   Skills:
 + Level 2.2 Fighting
 + Level 3.4 Maces & Flails
 + Level 1.7 Throwing
 + Level 0.7 Armour
 + Level 3.4 Dodging


You had 2 spell levels left.
You didn't know any spells.
Your spell library was empty.

Dungeon Overview and Level Annotations

Branches:
Dungeon (2/15)

Altars:


Innate Abilities, Weirdness & Mutations

You have a pair of small antennae on your head.
You have sharp fingernails.


Message History

The adder poisons you!
You closely miss the adder.
The adder is severely wounded.
* * * LOW HITPOINT WARNING * * *
You feel sick. The adder barely misses you.
You barely miss the adder.
The adder is severely wounded.
* * * LOW HITPOINT WARNING * * *
You feel sick. The adder barely misses you. The adder bites you.
* * * LOW HITPOINT WARNING * * *
You aren't carrying any potions.
You sock the adder!
You kill the adder!
* * * LOW HITPOINT WARNING * * *
You feel sick.
There is a lethal amount of poison in your body!
* * * LOW HITPOINT WARNING * * *
You feel sick.
You see here an adder corpse.
You die...

### ..# #.### ###
#.##.# #.. #.#
#.###.# #.# #@#.#
###.# ##†# ##...##
#.#
#.###.####.######
#.# #............#
#.###.####.#####.#
##...## #.# #...#
#.. ####.#.# #.##


There were no monsters in sight!

Vanquished Creatures
  An adder (D:2)
  An ooze (D:1)
  A worm (D:2)
  2 dart slugs (D:1)
  4 giant cockroaches (D:1)
  3 goblins
  5 hobgoblins (D:1)
  3 bats (D:1)
  2 frilled lizards (D:1)
  6 kobolds (D:1)
  13 rats (D:1)
41 creatures vanquished.

Notes
Turn   | Place    | Note
-------+----------+-------------------------------------------
     0 | D:1      | silentkaos13 the Demonspawn Gladiator began the quest for
                  | the Orb.
     0 | D:1      | Reached XP level 1. HP: 16/16 MP: 1/1
   102 | D:1      | Gained mutation: You have a pair of small antennae on your
                  | head. [demonic ancestry]
   102 | D:1      | Reached XP level 2. HP: 12/22 MP: 2/2
   885 | D:1      | Gained mutation: You have sharp fingernails. [demonic
                  | ancestry]
   885 | D:1      | Reached XP level 3. HP: 23/27 MP: 3/3
  1322 | D:2      | HP: 1/27 [poisoned by an adder]
  1323 | D:2      | Succumbed to an adder's poison

Levels and vault maps discovered:
D:1:      onia_arrival_larder, layout_rooms, minmay_misc_feat_rows
D:2:      layout_loops_ring, chequers_ecumenical_altar_simple_redux,
          first_ration, nrook_uturn, uniq_crazy_yiuf_cottage

Skill      XL: |  1  2 |
---------------+-------+-----
Maces & Flails | 3 |  3.4
Dodging        | 3 |  3.4
Fighting       | |  2.2
Throwing       | |  1.7
Armour         | |  0.7

Action                   || total
-------------------------++-------
Melee: Flail             ||   135
Throw: Javelin           ||     2
 Stab: Sleeping          ||     4
  Eat: Chunk             ||     1
Armor: Leather armour    ||    35
Dodge: Dodged            ||   104

Table legend:
 A = Non-vault XP
 B = Vault XP
 C = Vault XP percentage of total XP
 D = Non-vault monster count
 E = Vault monster count
 F = Vault count percentage of total count
                 A         B        C        D         E       F
            +---------+---------+-------+---------+---------+-------
      Total |      76 |       9 |  10.6 |      35 |       6 |  14.6
            +---------+---------+-------+---------+---------+-------
        D:1 |      55 |       9 |  14.1 |      32 |       6 |  15.8
        D:2 |      21 |       0 |   0.0 |       3 |       0 |   0.0
            +---------+---------+-------+---------+---------+-------
